AoeStats
← 王德发

Yucatan

510939739Analyzed
2v2 RM · 16h ago on Oct 3, 2026· 16m 24s· 4 players
Game mode
Random Map
Map size
Medium (4 player)
Population
200
Speed
Normal
Resources
Standard
Victory
Conquest
Starting age
Dark Age
Ending age
Imperial Age
RankedLock teamsTeams togetherTeam positionsShared explorationLock speedFull tech treeHidden civsTurbo modeCheats
Victory
Defeat
🇲🇽 Bohemians · Mexico
1449
+17
🇲🇽 Magyars · Mexico
1358
+20
🇨🇳 Britons · China
1506
-20
🇦🇷 Koreans · Argentina
1416
-17
El kaiser
9:57 Loom
12:14 Feudal Age
16:28 Castle Age
王德发
9:49 Feudal Age
12:14 Loom
15:23 Castle Age
[Zelda] Lachomix
6:30 Loom
8:58 Feudal Age
10:54 Double-Bit Axe
14:42 Horse Collar
16:03 Wheelbarrow
16:36 Scale Barding Armor
Euphoria_9999
6:51 Loom
9:17 Feudal Age
9:54 Double-Bit Axe
10:27 Man-at-Arms
11:40 Arson
14:49 Town Watch
16:20 Wheelbarrow
16:02 Horse Collar
Connection lost

Rejoining the realm…

Still unreachable

The connection could not be restored.

Session expired

The server has moved on; the page needs a fresh start.